 Dungeon Crawl Stone Soup version 0.19.5 (webtiles) character file.

70490 Monsterracer the Devastator (level 14, 0/83 HPs)
             Began as a Deep Elf Conjurer on May 14, 2017.
             Was the Champion of Vehumet.
             Shot with an arrow by Nessos (6 damage)
             ... on level 2 of the Orcish Mines.
             The game lasted 01:55:41 (24450 turns).

Monsterracer the Devastator (Deep Elf Conjurer)    Turns: 24450, Time: 01:55:42

Health: 0/83       AC: 30    Str:  5    XL:     14   Next: 94%
Magic:  13/42      EV: 17    Int: 28    God:    Vehumet [******]
Gold:   1673       SH:  7    Dex: 15    Spells: 9 memorised, 2 levels left

rFire  . . .     SeeInvis +     E - staff of energy
rCold  . . .     Gourm    .     w - +10 ring mail "Huconikh" {SInv}
rNeg   . . .     Faith    .     M - +2 buckler {AC+3}
rPois  .         Spirit   .     G - +2 helmet
rElec  .         Reflect  .     v - +2 cloak
rCorr  .         Harm     .     p - +2 pair of gloves
MR     +....     Clarity  +     s - +2 pair of boots
Stlth  ++++......               J - amulet of magic regeneration
                                t - +3 ring of evasion
                                I - ring of magical power

@: lethally poisoned (0 -> -24), about to teleport
A: clarity, clever 1, wild magic 1
a: Renounce Religion


You were on level 2 of the Orcish Mines.
You worshipped Vehumet.
Vehumet was exalted by your worship.
You were not hungry.

You visited 4 branches of the dungeon, and saw 21 of its levels.

You collected 2024 gold pieces.
You spent 351 gold pieces at shops.

Inventory:

Armour
 d - the +1 robe "Muynnov" {Regen+ Slay+2}
   (You found it on level 5 of the Dungeon)

   It affects your accuracy and damage with ranged weapons and melee attacks
   (+2).
   It increases your rate of regeneration.
 p - a +2 pair of gloves (worn)
 s - a +2 pair of boots (worn)
 v - a +2 cloak (worn)
 w - the +10 ring mail "Huconikh" (worn) {SInv}
   (You bought it in a shop on level 4 of the Dungeon)

   It lets you see invisible.
 G - a +2 helmet (worn)
 M - a +2 buckler of protection (worn)
Magical Staves
 E - an uncursed staff of energy (weapon)
Jewellery
 k - an uncursed ring of fire
 t - a +3 ring of evasion (right hand)
 u - an uncursed ring of wizardry
 I - a ring of magical power (left hand)
 J - an amulet of magic regeneration (around neck)
 N - a cursed ring of teleportation
Wands
 x - a wand of digging (10/24)
 y - a wand of confusion (33/48)
 H - a wand of disintegration (14/24)
Scrolls
 c - a scroll of amnesia
 e - 7 scrolls of teleportation
 f - 15 scrolls of identify
 g - 3 scrolls of immolation
 i - a scroll of recharging
 m - 6 scrolls of remove curse
 o - 2 scrolls of enchant weapon
 r - 2 scrolls of magic mapping
 K - a scroll of fog
Potions
 a - 4 potions of curing
 j - 4 potions of might
 n - 2 potions of mutation
 q - 2 potions of flight
 C - a potion of heal wounds
 D - a potion of magic
 F - 2 potions of haste
 L - 2 potions of brilliance
 P - 4 potions of agility
Books
 B - a book of Power

   Spells                             Type                      Level
   a - Fulminant Prism                Conjuration/Hexes            4
   b - Iskenderun's Mystic Blast      Conjuration                  4
   c - Venom Bolt                     Conjuration/Poison           5
   d - Bolt of Magma                  Conjuration/Fire/Earth       5
   e - Iron Shot                      Conjuration/Earth            6
   f - Orb of Destruction             Conjuration                  7
   g - Spellforged Servitor           Conjuration/Summoning        7
Comestibles
 b - 10 meat rations
 h - 11 bread rations
 l - 19 royal jellies
 z - 13 fruits
 A - 2 slices of pizza
 O - 7 chunks of flesh


   Skills:
 + Level 7.6 Fighting
 + Level 2.3 Armour
 - Level 11.0 Dodging
 + Level 9.9 Stealth
 + Level 3.8 Shields
 + Level 13.6 Spellcasting
 * Level 15.8 Conjurations
 - Level 7.0 Hexes
 - Level 10.0 Charms
 + Level 8.1 Fire Magic
 + Level 5.3 Earth Magic


You had 2 spell levels left.
You knew the following spells:

 Your Spells              Type           Power        Failure   Level  Hunger
a - Magic Dart            Conj           ####         1%          1    None
b - Stone Arrow           Conj/Erth      ######       1%          3    None
c - Fulminant Prism       Conj/Hex       #######...   1%          4    None
d - Iskenderun's Battles  Conj/Chrm      #######.     1%          5    None
e - Searing Ray           Conj           ######       1%          2    None
f - Fireball              Conj/Fire      #######...   1%          5    None
g - Bolt of Magma         Conj/Fire/Erth #######...   3%          5    None
h - Iron Shot             Conj/Erth      #######...   11%         6    None
i - Orb of Destruction    Conj           #######...   7%          7    None


Dungeon Overview and Level Annotations

Branches:
Dungeon (12/15)            Temple (1/1) D:4            Lair (6/6) D:9
  Swamp (0/4) Lair:2       Spider (0/4) Lair:3        Slime (0/5) Lair:6
    Orc (2/2) D:12            Elf (0/3) Orc:2

Altars:
Ashenzari
Cheibriados
Dithmenos
Elyvilon
Fedhas
Gozag
Hepliaklqana
Kikubaaqudgha
Makhleb
Nemelex Xobeh
Okawaru
Qazlal
Ru
Sif Muna
Trog
Uskayaw
Vehumet
Xom
Yredelemnul
Zin
The Shining One
Beogh
Jiyva

Shops:
D:4 [   D:7 :   D:12 :

Annotations:
D:4 tsetuser's ghost, novice MiFi
Lair:6 1 runed door
Orc:2 Nessos


Innate Abilities, Weirdness & Mutations

You possess an exceptional clarity of mind.
Your mind is acute. (Int +2)
Your spells are a little harder to cast, but a little more powerful.


Message History

Nessos shoots an arrow.
The arrow hits you! The arrow burns you.
You are poisoned.
Nessos shoots an arrow.
The arrow hits you but does no damage. The orc sorcerer casts a spell at you.
The bolt of fire hits you!
* * * LOW HITPOINT WARNING * * *
The orc high priest calls upon Beogh to heal the orc sorcerer.
The orc sorcerer is healed somewhat.
You see here 2 arrows.
You feel better.
Nessos shoots an arrow.
The arrow hits you.
* * * LOW HITPOINT WARNING * * *
The arrow burns you.
You are poisoned.
* * * LOW HITPOINT WARNING * * *
The orc sorcerer points at you and mumbles some strange words.
The bolt of fire misses you.
Nessos shoots an arrow.
The arrow hits you!
* * * LOW HITPOINT WARNING * * *
The arrow burns you.
You are lethally poisoned!
You die...

..#.### . # #.
###. ##.## ##....
#.#... ###....
##### #......
###..@## ##...(.
#..oo..##
#####.....
#(.oo....##
##..###....
#..35o##..c.#
....###... #..5o#
##...####..##
###. ...34
#....##....## #)
.รท).
##..........#####
.).
#.........###..#
).)
#.......)..#....


You could see Nessos (invisible), 2 orc high priests, an orange demon, a smoke
demon, a neqoxec, an orc sorcerer, 2 orc warriors, a crimson imp, a white imp
and an orc.

Vanquished Creatures
  Gastronok (D:11)
  Josephine (Lair:5)
  7 hydras
  An ogre mage (Orc:1)
  7 death yaks
  An orc high priest (Orc:2)
  2 hill giants (D:12)
  Pikel (D:4)
  10 orc knights
  3 orc sorcerers
  The ghost of edgar the Covert, a novice SpVM of Dithmenos (D:8)
  3 ugly things
  5 cyclopes
  5 elephants
  A deep elf mage (D:9)
  9 black mambas
  A torpor snail (Lair:6)
  Psyche (D:11)
  7 spiny frogs
  2 rime drakes
  5 komodo dragons
  5 trolls (Orc:1)
  2 tyrant leeches (Lair:2)
  3 meliai (Lair:4)
  3 hornets (Lair:6)
  10 polar bears
  A queen bee (Lair:4)
  3 two-headed ogres
  12 blink frogs
  7 dream sheep (Lair:4)
  4 hippogriffs
  Sigmund (D:4)
  16 spriggans
  A shadow (D:11)
  6 wraiths
  32 yaks
  3 wyverns
  2 hungry ghosts (D:12)
  5 humans (D:9)
  3 basilisks
  Menkaure (D:4)
  5 wargs
  A mottled dragon (D:12)
  6 water moccasins
  8 porcupines
  Duvessa (D:7)
  28 orc warriors
  4 ice beasts
  A hornet zombie (D:11)
  3 sky beasts
  2 necrophages
  11 ogres
  3 phantoms
  7 black bears
  43 wolves
  8 boggarts
  10 crocodiles
  4 centaurs
  10 bullfrogs
  3 big kobolds
  A wyvern zombie (D:8)
  Dowan (D:7)
  3 scorpions
  A troll zombie (D:12)
  35 killer bees
  6 howler monkeys
  3 crimson imps
  2 bullfrog zombies
  8 hounds
  A centaur zombie (D:6)
  4 jellies
  20 orc wizards
  17 orc priests
  A bullfrog skeleton (D:11)
  Jessica (D:2)
  8 worker ants
  5 iguanas
  4 hell rats (Lair:5)
  5 ogre zombies (D:12)
  A hound zombie (D:7)
  A worker ant zombie (D:11)
  A howler monkey skeleton (D:8)
  13 adders
  A gnoll (Orc:2)
  6 shadow imps
  An adder skeleton (D:4)
  4 dart slugs
  5 leopard geckos
  62 orcs
  4 giant cockroaches
  2 goblins
  8 hobgoblins
  21 jackals
  5 quokkas
  2 ball pythons
  8 bats
  5 frilled lizards
  A giant cockroach zombie (D:5)
  A goblin skeleton (D:12)
  4 goblin zombies (D:12)
  A hobgoblin skeleton (D:12)
  A hobgoblin zombie (D:12)
  A jackal skeleton (D:4)
  15 kobolds
  A leopard gecko zombie (D:5)
  2 orc skeletons (D:12)
  10 orc zombies (D:12)
  A quokka skeleton (D:4)
  A quokka zombie (D:9)
  13 rats
  A fungus (Lair:4)
681 creatures vanquished.

Vanquished Creatures (others)
  2 slaves (D:4)
  32 fulminant prisms
  5 fungi
  7 plants
46 creatures vanquished.

Grand Total: 727 creatures vanquished

Notes
Turn   | Place    | Note
-------+----------+-------------------------------------------
     0 | D:1      | Monsterracer the Deep Elf Conjurer began the quest for the Orb.
     0 | D:1      | Reached XP level 1. HP: 10/10 MP: 6/6
   309 | D:1      | Reached XP level 2. HP: 10/15 MP: 1/8
   408 | D:1      | Learned a level 2 spell: Searing Ray
   528 | D:1      | Reached skill level 5 in Conjurations
   782 | D:2      | Reached XP level 3. HP: 10/19 MP: 1/10
  1354 | D:2      | Noticed Jessica
  1357 | D:2      | Killed Jessica
  1357 | D:2      | Reached XP level 4. HP: 24/24 MP: 8/12
  1582 | D:2      | Learned a level 4 spell: Iskenderun's Mystic Blast
  1654 | D:2      | Gained mutation: You possess an exceptional clarity of mind. [potion of mutation]
  1654 | D:2      | Gained mutation: Your mind is acute. (Int +2) [potion of mutation]
  1654 | D:2      | Gained mutation: Your spells are a little harder to cast, but a little more powerful. [potion of mutation]
  2115 | D:3      | Reached skill level 6 in Conjurations
  3172 | D:4      | Learned a level 4 spell: Fulminant Prism
  3175 | D:4      | Reached XP level 5. HP: 28/28 MP: 9/14
  3192 | D:4      | Learned a level 5 spell: Iskenderun's Battlesphere
  3292 | D:4      | Found a staircase to the Ecumenical Temple.
  3298 | Temple   | Entered the Ecumenical Temple
  3408 | Temple   | Became a worshipper of Vehumet
  3487 | D:4      | Noticed tsetuser's ghost (novice MiFi)
  4141 | D:5      | Entered Level 5 of the Dungeon
  4188 | D:5      | Reached skill level 5 in Spellcasting
  4260 | D:5      | Reached skill level 1 in Charms
  4359 | D:5      | Got a fabulously ornate robe
  4370 | D:5      | Identified the cursed +1 robe "Muynnov" {Regen+ Slay+2} (You found it on level 5 of the Dungeon)
  4420 | D:5      | Reached XP level 6. HP: 32/32 MP: 12/16
  4539 | D:5      | Reached skill level 7 in Conjurations
  4778 | D:5      | Reached XP level 7. HP: 36/36 MP: 4/18
  5420 | D:6      | Reached skill level 8 in Conjurations
  5670 | D:6      | Reached skill level 5 in Charms
  5802 | D:6      | Got an encrusted ring mail
  5899 | D:6      | Reached XP level 8. HP: 40/41 MP: 15/20
  5946 | D:6      | Reached skill level 1 in Hexes
  6060 | D:6      | Reached * piety under Vehumet
  6060 | D:6      | Offered knowledge of Sandblast by Vehumet.
  6060 | D:6      | Reached skill level 9 in Conjurations
  6289 | D:7      | Noticed Duvessa
  6289 | D:7      | Noticed Dowan
  6695 | D:7      | Killed Duvessa
  6698 | D:7      | Killed Dowan
  6948 | D:7      | Noticed a hippogriff
  6953 | D:7      | Killed a hippogriff
  7023 | D:7      | Reached skill level 10 in Conjurations
  7023 | D:7      | Reached XP level 9. HP: 46/46 MP: 14/23
  7270 | D:7      | Found Hoiqogat's Book Emporium.
  7455 | D:4      | You fall through a shaft for 2 floors!
  7554 | D:4      | Noticed Pikel
  7558 | D:4      | Killed Pikel
  7558 | D:4      | Reached skill level 1 in Fighting
  7612 | D:4      | Noticed Menkaure
  7616 | D:4      | Killed Menkaure
  7864 | D:4      | Found Zaxos's Antique Armour Emporium.
  7868 | D:4      | Bought a cloak for 117 gold pieces
  7873 | D:4      | Identified the +0 ring mail of the Sun {Str+2} (You found it on level 6 of the Dungeon)
  7888 | D:4      | Bought a heavily runed ring mail for 234 gold pieces
  7898 | D:4      | Identified the +10 ring mail "Huconikh" {SInv} (You bought it in a shop on level 4 of the Dungeon)
  8062 | D:4      | Noticed Sigmund
  8065 | D:4      | Killed Sigmund
  8570 | D:8      | Offered knowledge of Flame Tongue by Vehumet.
  8573 | D:8      | Learned a level 1 spell: Flame Tongue
  8669 | D:8      | Reached ** piety under Vehumet
  8745 | D:8      | Reached skill level 5 in Hexes
  8833 | D:8      | Noticed edgar's ghost (novice SpVM)
  8839 | D:8      | Killed edgar's ghost
  8839 | D:8      | Reached skill level 1 in Armour
  8839 | D:8      | Reached skill level 11 in Conjurations
  8839 | D:8      | Reached skill level 1 in Fire Magic
  9519 | D:8      | Reached XP level 10. HP: 32/53 MP: 22/25
  9757 | D:9      | Found a staircase to the Lair.
  9757 | D:9      | Noticed an elephant
  9757 | D:9      | Noticed a death yak
  9801 | D:9      | Killed a death yak
  9805 | D:9      | Reached skill level 5 in Dodging
  9843 | D:9      | Killed an elephant
 10339 | D:9      | Offered knowledge of Stone Arrow by Vehumet.
 10377 | D:9      | Noticed a deep elf mage
 10384 | D:9      | Killed a deep elf mage
 10532 | D:9      | Learned a level 3 spell: Stone Arrow
 10916 | D:9      | Reached *** piety under Vehumet
 10916 | D:9      | Reached skill level 1 in Earth Magic
 10939 | D:9      | Reached skill level 12 in Conjurations
 11323 | D:9      | Offered knowledge of Ignite Poison by Vehumet.
 11333 | D:9      | Reached XP level 11. HP: 60/60 MP: 4/26
 11460 | D:9      | Identified a scroll of acquirement
 11574 | Lair:1   | Entered Level 1 of the Lair of Beasts
 11625 | Lair:1   | Reached skill level 1 in Shields
 11626 | Lair:1   | Reached skill level 10 in Spellcasting
 11664 | Lair:1   | Noticed a five-headed hydra
 11725 | Lair:1   | Killed a five-headed hydra
 12172 | Lair:1   | Reached skill level 5 in Stealth
 12462 | Lair:1   | Reached **** piety under Vehumet
 12506 | Lair:1   | Reached skill level 10 in Charms
 13667 | Lair:2   | Offered knowledge of Fireball by Vehumet.
 13674 | Lair:2   | Learned a level 5 spell: Fireball
 13796 | Lair:2   | Found a staircase to the Swamp.
 13980 | Lair:3   | Reached skill level 13 in Conjurations
 13988 | Lair:3   | Reached XP level 12. HP: 62/68 MP: 9/28
 14130 | Lair:3   | Found a hole to the Spider Nest.
 14669 | Lair:3   | Reached skill level 5 in Fighting
 15343 | Lair:3   | Noticed an eight-headed hydra
 15348 | Lair:3   | Killed an eight-headed hydra
 15606 | Lair:4   | Reached ***** piety under Vehumet
 15610 | Lair:4   | Offered knowledge of Lee's Rapid Deconstruction by Vehumet.
 15839 | Lair:4   | Learned a level 5 spell: Lee's Rapid Deconstruction
 15949 | Lair:4   | Reached skill level 14 in Conjurations
 15949 | Lair:4   | Reached skill level 5 in Fire Magic
 16779 | Lair:5   | Noticed a four-headed hydra
 16783 | Lair:5   | Killed a four-headed hydra
 16783 | Lair:5   | Reached XP level 13. HP: 74/74 MP: 30/30
 17488 | Lair:5   | Noticed Josephine
 17492 | Lair:5   | Killed Josephine
 18034 | Lair:6   | Entered Level 6 of the Lair of Beasts
 18034 | Lair:6   | Found a runed door.
 18034 | Lair:6   | Found a viscous altar of Jiyva.
 18034 | Lair:6   | Noticed an acid blob
 19328 | Lair:6   | Reached skill level 10 in Dodging
 19328 | Lair:6   | Reached skill level 15 in Conjurations
 19776 | Lair:6   | Reached XP level 14. HP: 82/82 MP: 32/32
 19992 | Lair:6   | Found a staircase to the Slime Pits.
 19992 | Lair:6   | Noticed an acid blob
 20298 | D:10     | Entered Level 10 of the Dungeon
 20931 | D:11     | Reached ****** piety under Vehumet
 20931 | D:11     | Offered knowledge of Iron Shot by Vehumet.
 20939 | D:11     | Learned a level 6 spell: Iron Shot
 21202 | D:11     | Noticed Psyche
 21208 | D:11     | Killed Psyche
 21324 | D:11     | Found a snail-covered altar of Cheibriados.
 21412 | D:11     | Learned a level 5 spell: Bolt of Magma
 21799 | D:11     | Noticed Gastronok
 21807 | D:11     | Killed Gastronok
 22054 | D:12     | Found Kelior's Book Emporium.
 22801 | D:12     | Learned a level 7 spell: Orb of Destruction
 22803 | D:12     | Found a staircase to the Orcish Mines.
 22870 | D:12     | Got a smoking bone amulet
 22872 | D:12     | Identified the amulet of Compulsion {Inacc rF+ MR- Str+7} (You found it on level 12 of the Dungeon)
 23068 | Orc:1    | Entered Level 1 of the Orcish Mines
 23083 | Orc:1    | Found a roughly hewn altar of Beogh.
 23539 | Orc:1    | Reached skill level 5 in Earth Magic
 24063 | Orc:2    | Entered Level 2 of the Orcish Mines
 24120 | Orc:2    | Found a staircase to the Elven Halls.
 24438 | Orc:2    | Noticed Nessos
 24445 | Orc:2    | Offered knowledge of Bolt of Fire by Vehumet.
 24450 | Orc:2    | Shot with an arrow by Nessos

Skill      XL: |  1  2  3  4  5  6  7  8  9 10 11 12 13 14 |
---------------+-------------------------------------------+-----
Conjurations   | 5 6 7 8 10 11 12 13 14 15 | 15.8
Spellcasting   | 4 5 6 7 8 9 10 11 12 13 | 13.6
Charms         | 1 3 5 6 8 9 10 | 10.0
Hexes          | 3 5 6 7 |  7.0
Fighting       | 2 3 4 5 7 |  7.6
Dodging        | 4 5 7 9 10 11 | 11.0
Armour         | 1 2 |  2.3
Fire Magic     | 1 3 5 6 8 |  8.1
Stealth        | 4 5 7 9 |  9.9
Earth Magic    | 1 2 3 5 |  5.3
Shields        | 2 3 |  3.8

Action                   |  1- 3 |  4- 6 |  7- 9 | 10-12 | 13-15 || total
-------------------------+-------+-------+-------+-------+-------++-------
Melee: Unarmed           |     6 |       |       |       |       ||     6
       Dagger            |       |   100 |       |       |       ||   100
       Staff             |       |       |       |     7 |    18 ||    25
 Cast: Magic Dart        |    57 |    90 |   149 |   254 |   379 ||   929
       Searing Ray       |     4 |    13 |    21 |    37 |     4 ||    79
       Iskenderun's Batt |       |     1 |    17 |    49 |    59 ||   126
       Fulminant Prism   |       |       |       |    24 |     8 ||    32
       Flame Tongue      |       |       |       |     4 |       ||     4
       Stone Arrow       |       |       |       |    54 |   174 ||   228
       Fireball          |       |       |       |     5 |    52 ||    57
       Bolt of Magma     |       |       |       |       |    15 ||    15
       Iron Shot         |       |       |       |       |    15 ||    15
       Orb of Destructio |       |       |       |       |     1 ||     1
  Use: Potion            |     3 |     3 |     5 |     5 |     4 ||    20
       Scroll            |       |    13 |     7 |    10 |    10 ||    40
  Eat: Chunk             |     1 |     7 |    17 |    25 |    22 ||    72
       Bread ration      |       |     1 |       |       |       ||     1
       Beef jerky        |       |       |       |       |     1 ||     1
Armor: Robe              |     3 |     3 |     4 |       |       ||    10
       Ring mail         |       |       |    10 |    79 |    64 ||   153
Dodge: Dodged            |    10 |    15 |    20 |   107 |   136 ||   288
Block: Buckler           |       |       |       |    28 |    28 ||    56
